 Dungeon Crawl Stone Soup version 0.29-a0-551-gffc1d7fb78 (webtiles) character file.

Game seed: 10405708560579185838

31 Demosthentine the Chopper (level 3, -1/20 HPs)
             Began as a Vine Stalker Chaos Knight on June 6, 2022.
             Was a Plaything of Xom.
             Slain by an adder (2 damage)
             ... on level 4 of the Dungeon.
             The game lasted 00:01:15 (988 turns).

Demosthentine the Chopper (VSCK)                     Turns: 988, Time: 00:01:16

Health: -1/20      AC:  5    Str: 16    XL:     3   Next: 22%
Magic:  0/4        EV: 11    Int: 12    God:    Xom [..*...]
Gold:   61         SH:  0    Dex: 13    Spells: 2/2 levels left

rFire   . . .      SeeInvis .   a - +0 hand axe (chaos)
rCold   . . .      Faith    .   (no shield)
rNeg    . . .      Spirit   +   b - +2 leather armour
rPois   .          Reflect  .   (no helmet)
rElec   .          Harm     .   (no cloak)
rCorr   .          Rampage  .   (no gloves)
Will    .....                   (no boots)
Stlth   +.........              (no amulet)
HPRegen 0.06/turn               (no ring)
MPRegen 0.09/turn               (no ring)

@: no status effects
A: fangs 2, magic shield, antimagic bite, no potion heal 2
a: Renounce Religion


You were on level 4 of the Dungeon.
You worshipped Xom.
You were a toy of Xom.
You visited 1 branch of the dungeon, and saw 3 of its levels.

You collected 61 gold pieces.

Inventory:

Hand Weapons
 a - a +0 hand axe of chaos (weapon)
Missiles
 d - 2 throwing nets
Armour
 b - a +2 leather armour (worn)
Scrolls
 i - a scroll of teleportation {unknown}
Potions
 e - a potion of invisibility
 f - a potion of cancellation
 g - a potion of attraction {unknown}
 h - a potion of heal wounds {unknown}
Miscellaneous
 c - a piece from Xom's chessboard (15/15) (quivered)


   Skills:
 + Level 3.0 Fighting
 + Level 3.0 Axes
 + Level 2.0 Armour
 + Level 1.3 Dodging


You had 2 spell levels left.
You didn't know any spells.
Your spell library contained the following spells:

 Spells                   Type           Power      Damage    Failure   Level
 Portal Projectile        Hex/Tloc       0%         N/A       77%         3
 Tukima's Dance           Hex            0%         N/A       77%         3
 Blade Hands              Tmut           0%         N/A       100%        5


Dungeon Overview and Level Annotations

Branches:
Dungeon (4/15)
 Temple: D:4-7

Altars:


Innate Abilities, Weirdness & Mutations

You have extremely sharp teeth.
When hurt, damage is shared between your health and your magic reserves.
Your bite disrupts and absorbs the magic of your enemies.
Potions cannot restore your health.


Message History

You hit the phantom.
The phantom flickers and vanishes!
Deactivating autopickup; reactivate with Ctrl-A.
Something hits you but does no damage. Something hits you.
No target in view!
No target in view!
No target in view!
No target in view!
No target in view!
You completely miss something. Something hits you.
You blink.
Found 2 glowing pink potions, an Everburning Encyclopedia and 9 gold pieces.
You completely miss something. Your bite misses something. Something hits you.
You blink.
Something hits you.
You blink.
An adder comes into view.
An endoplasm comes into view.
The adder hisses angrily.
The endoplasm quivers.
Something hits you. Something hits you.
* * * LOW HITPOINT WARNING * * *
Something hits you.
* * * LOW HITPOINT WARNING * * *
Something hits you but does no damage. Something hits you but does no damage.
It was a potion of cancellation.
You feel magically purged.
Xom thinks this is hilarious!
Something hits you but does no damage.
You hit something but do no damage. Something hits you.
You blink.
The endoplasm closely misses you.
You closely miss something. Your bite misses something. You hit the endoplasm.
Something hits you but does no damage.
The endoplasm jiggles.
The endoplasm misses you. The adder bites you but does no damage.
You hit the endoplasm.
You kill the endoplasm!
You completely miss the adder. You closely miss something.
The adder completely misses you. Something hits you!
* * * LOW HITPOINT WARNING * * *
The adder bites you.
You die...

#.....................
:..!.........S........
#........!.............
...............####....
#...........#)...# ...
#....##.....#.##.##....
.# $....
#.....#?.......... ...
...#.
#.....###........#
..#.# ..
########.@#.......
#.#.. #.S{##......
#.... #..#.# ##.##.
#... #.##.# .# .###...
#. #.# #.# ....... #
#.# #.# #...... #.# #.#
#.... ######.####.###
###.. #.............#
#...


You could see an adder.

Vanquished Creatures
  An orc (D:4)
  A bat (D:1)
  4 endoplasms
  A giant cockroach (D:1)
  3 goblins
  2 hobgoblins (D:4)
  3 kobolds (D:1)
  A quokka (D:1)
  7 ball pythons
  4 rats (D:1)
27 creatures vanquished.

Notes
Turn   | Place    | Note
-------+----------+-------------------------------------------
     0 | D:1      | Demosthentine the Vine Stalker Chaos Knight began the quest
                  | for the Orb.
     0 | D:1      | Reached XP level 1. HP: 11/11 MP: 2/2
   137 | D:1      | XOM: divination: detect creatures
   178 | D:1      | Reached skill level 1 in Dodging
   183 | D:1      | Reached XP level 2. HP: 12/16 MP: 3/3
   383 | D:1      | XOM: silly message
   424 | D:1      | XOM: potion effect (berserk rage)
   440 | D:1      | Found a faded altar of an unknown god.
   466 | D:1      | XOM: silly message
   901 | D:2      | You fall into a shaft and drop 2 floors!
   928 | D:4      | Reached XP level 3. HP: 20/20 MP: 4/4
   958 | D:4      | Noticed a phantom
   988 | D:4      | HP: 1/20 [something (5)]
   988 | D:4      | Slain by an adder

Illustrated notes

Levels and vault maps discovered:
D:1:      minmay_arrival_three_doors, layout_basic,
          chequers_ecumenical_altar_simple
D:2:      layout_basic, st_stairs_2, kennysheep_generic_room_12
D:4:      layout_rooms, uniq_eustachio

Skill      XL: |  1  2  3 |
---------------+----------+-----
Dodging        | 1 |  1.3
Axes           | 3 |  3.0
Fighting       | 3 |  3.0
Armour         | 2 |  2.0

Action                   || total
-------------------------++-------
Melee: Hand axe          ||    66
       Bite              ||    12
  Use: Scroll            ||     4
       Potion            ||     1
Armor: Leather armour    ||    22
Dodge: Dodged            ||    49

Table legend: (Time is in decaauts)
 A = Elapsed time spent in this place.
 B = Non-inter-level travel time spent in this place.
 C = Inter-level travel time spent in this place.
 D = Time resting spent in this place.
 E = Time spent auto-exploring this place.
 F = Levels seen in this place.
 G = Mean time per level.
                   A        B        C        D        E       F      G
               +--------+--------+--------+--------+--------+-----+--------+
         Total |   1007 |    958 |     49 |      0 |    760 |   3 |  335.7 |
       Dungeon |   1007 |    958 |     49 |      0 |    760 |   3 |  335.7 |
               +--------+--------+--------+--------+--------+-----+--------+

Top non-repeatable levels by time:
     D:1: 918 daAuts
     D:4: 89 daAuts
